AoeStats
← FallingELO

Arabian Desert

510561531Analyzed
1v1 RM · 15h ago on Oct 1, 2026· 59m 6s· 2 players
Game mode
Random Map
Map size
Tiny (2 player)
Population
200
Speed
Normal
Resources
Standard
Victory
Conquest
Starting age
Dark Age
Ending age
Imperial Age
RankedLock teamsTeams togetherTeam positionsShared explorationLock speedFull tech treeHidden civsTurbo modeCheats
Victory
Defeat
🇩🇪 Franks · Germany
898
+16
🇺🇸 Cumans · United States
896
-16
FallingELO
7:47 Loom
10:16 Feudal Age
12:41 Double-Bit Axe
18:37 Castle Age
18:00 Gold Mining
19:24 Scale Barding Armor
19:32 Forging
19:10 Horse Collar
19:51 Bow Saw
19:43 Horse Collar
24:39 Iron Casting
24:10 Scale Barding Armor
26:09 Pikeman
26:49 Squires
27:23 Town Watch
28:13 Wheelbarrow
29:05 Scale Mail Armor
29:48 Chain Barding Armor
30:52 Bloodlines
33:16 Heavy Plow
33:12 Stone Mining
34:38 Gold Shaft Mining
34:18 Arson
35:21 Capped Ram
37:16 Chain Mail Armor
36:52 Fletching
44:16 Bodkin Arrow
45:37 Steppe Husbandry
51:01 Imperial Age
50:43 Town Patrol
50:58 Hand Cart
52:45 Conscription
52:35 Steppe Husbandry
54:20 Plate Mail Armor
55:22 Plate Barding Armor
57:28 Blast Furnace
58:53 Halberdier
Zwick1983
10:15 Feudal Age
11:29 Double-Bit Axe
21:01 Castle Age
19:57 Gold Mining
20:20 Scale Barding Armor
22:50 Chain Barding Armor
22:42 Loom
23:53 Husbandry
25:57 Forging
28:40 Iron Casting
31:37 Wheelbarrow
35:23 Imperial Age
34:22 Gold Shaft Mining
36:46 Conscription
38:59 Plate Barding Armor
39:25 Blast Furnace
37:49 Cavalier
43:08 Paladin
49:39 Elite Throwing Axeman
Connection lost

Rejoining the realm…

Still unreachable

The connection could not be restored.

Session expired

The server has moved on; the page needs a fresh start.